 Dungeon Crawl Stone Soup version 0.29-a0-384-g6960b1960d (webtiles) character file.

Game seed: 3465139111135065716

4 spaghetti the Covert (level 1, -1/23 HPs)
             Began as a Gnoll Delver on May 6, 2022.
             Slain by an orc
             ... wielding a +0 dagger
              (4 damage)
             ... on level 6 of the Dungeon.
             The game lasted 00:02:01 (687 turns).

spaghetti the Covert (Gnoll Delver)                  Turns: 687, Time: 00:02:02

Health: -1/23      AC:  3    Str: 11    XL:     1   Next: 70%
Magic:  1/1        EV: 13    Int:  9    God:
Gold:   19         SH:  0    Dex: 13    Spells: 0/0 levels left

rFire   . . .      SeeInvis .   a - +0 short sword {short}
rCold   . . .      Faith    .   (no shield)
rNeg    . . .      Spirit   .   b - +0 leather armour
rPois   .          Reflect  .   (no helmet)
rElec   .          Harm     .   (no cloak)
rCorr   .          Rampage  .   (no gloves)
Will    .....                   (no boots)
Stlth   ++++......              (no amulet)
HPRegen 0.07/turn               (no ring)
MPRegen 0.07/turn               (no ring)

@: hasted, very quick
A: fangs 1, strong nose, distributed training
a: no special abilities


You were on level 6 of the Dungeon.
You visited 1 branch of the dungeon, and saw 3 of its levels.
You also visited: Ossuary.

You collected 19 gold pieces.


Innate Abilities, Weirdness & Mutations

You have very sharp teeth.
Your uncanny sense of smell can sniff out nearby items.
Your experience applies equally to all skills.


   Skills:
 + Level 6.4 Fighting
 + Level 4.4 Short Blades
 + Level 0.1 Long Blades
 + Level 0.1 Axes
 + Level 0.1 Maces & Flails
 + Level 0.1 Polearms
 + Level 0.1 Staves
 + Level 0.1 Slings
 + Level 0.1 Bows
 + Level 0.1 Crossbows
 + Level 0.1 Throwing
 + Level 0.1 Armour
 + Level 4.4 Dodging
 + Level 9.5 Stealth
 + Level 0.1 Shields
 + Level 0.1 Unarmed Combat
 + Level 0.1 Spellcasting
 + Level 0.1 Conjurations
 + Level 0.1 Hexes
 + Level 0.1 Summonings
 + Level 0.1 Necromancy
 + Level 0.1 Translocations
 + Level 0.1 Transmutations
 + Level 0.1 Fire Magic
 + Level 0.1 Ice Magic
 + Level 0.1 Air Magic
 + Level 0.1 Earth Magic
 + Level 0.1 Poison Magic
 + Level 0.2 Invocations
 + Level 0.1 Evocations


You couldn't memorise any spells.
You didn't know any spells.
Your spell library was empty.

Inventory:

Hand Weapons
 a - a +0 short sword (weapon) {short}
Armour
 b - a +0 leather armour (worn)
Wands
 g - a wand of digging (3)
Scrolls
 c - a scroll of fog
 d - a scroll of magic mapping {!r}
 e - a scroll of fear

Dungeon Overview and Level Annotations

Branches:
Dungeon (6/15)            Ossuary (visited)
 Temple: D:4-7

Altars:

###### #
.....## ..
.....# ...
....# ... ...#
.. ..# #.#.#
#.o@#
...............
........#.#.###
#########.# .
#. .# #


You could see an orc.


Message History

You hit the orc zombie.
The orc zombie hits you but does no damage.
You hit the orc zombie. The orc zombie barely misses you.
You hit the orc zombie.
You destroy the orc zombie!
You start waiting.
An orc zombie is nearby!
You start waiting.
An orc zombie is nearby!
You hit the orc zombie. The orc zombie misses you.
You hit the orc zombie.
You destroy the orc zombie!
You start waiting.
Done waiting.
You start waiting.
Done waiting. 2 mummies come into view.
There is a gate leading back out of this place here.
A mummy is nearby!
You hit the mummy. You bite the mummy, but do no damage. The mummy misses you.
You hit the mummy but do no damage. You barely miss the mummy.
The mummy barely misses you. The mummy closely misses you.
You hit the mummy. You hit the mummy. The mummy hits you!
Ouch! That really hurt!
* * * LOW HITPOINT WARNING * * *
The mummy hits you!
* * * LOW HITPOINT WARNING * * *
😱 HP[-22]
You take 22 damage, and now have 1/23 hp.
MASSIVE DAMAGE!! (PAUSE) Unknown command.
There is a collapsed entrance here.
Unknown command.
Okay, then.
There is an open door here.
Okay, then. 😱 HP[+1]
There is a stone staircase leading up here.
You climb upwards.
There is a stone staircase leading down here. 😱 HP[+1]
You start resting.
An orc is nearby! 😱 HP[+1] 😱 HP[+1]
You start resting.
An adder comes into view. 😨 HP[+2]
You regained 2 hp, and now have 7/23 hp. 😨 HP[+1]
Found a stone staircase leading up.
Found a stone staircase leading up.
There is a stone staircase leading up here.
You climb upwards.
The orc shouts!
You hear a shout!
Found an amethyst potion.
Found a stone staircase leading down.
There is a stone staircase leading down here.
Unknown command.
Unknown command.
Found an escape hatch in the floor.
An orc comes into view. It is wielding a +0 club. 😨 HP[+1]
There is an escape hatch in the floor here.
You slide downwards.
The hatch slams shut behind you.
The gnoll shouts! x2
A gnoll comes into view. It is wielding a +0 club.
A phantom comes into view.
Found a stone staircase leading down.
Unknown command.
Unknown command.
The orc misses you.
There is a stone staircase leading down here.
The hound barks!
The orc shouts!
The orc completely misses you.
The gnoll hits you from afar with a +0 spear.
* * * LOW HITPOINT WARNING * * *
You climb downwards.
There is a stone staircase leading up here. 😨 HP[-2]
You take 2 damage, and now have 7/23 hp.
Unknown command.
Unknown command.
You barely miss the orc. You closely miss the orc. The orc closely misses you.
You hit the orc but do no damage. The orc closely misses you.
You barely miss the orc. The orc hits you with a +0 dagger.
* * * LOW HITPOINT WARNING * * *
😱 HP[-4]
You take 4 damage, and now have 3/23 hp.
You barely miss the orc. The orc completely misses you.
You closely miss the orc. The orc closely misses you.
You feel yourself speed up. The orc misses you.
You hit the orc. The orc barely misses you.
You hit the orc but do no damage. Your bite misses the orc. You hit the orc.
The orc hits you but does no damage.
You hit the orc but do no damage. You hit the orc but do no damage.
The orc hits you with a +0 dagger.
You die...

Skill      XL: | |
---------------+-+-----
Stealth        | |  9.5
Fighting       | |  6.4
Short Blades   | |  4.4
Long Blades    | |  0.1
Axes           | |  0.1
Maces & Flails | |  0.1
Polearms       | |  0.1
Staves         | |  0.1
Slings         | |  0.1
Bows           | |  0.1
Crossbows      | |  0.1
Throwing       | |  0.1
Armour         | |  0.1
Dodging        | |  4.4
Shields        | |  0.1
Unarmed Combat | |  0.1
Spellcasting   | |  0.1
Conjurations   | |  0.1
Hexes          | |  0.1
Summonings     | |  0.1
Necromancy     | |  0.1
Translocations | |  0.1
Transmutations | |  0.1
Fire Magic     | |  0.1
Ice Magic      | |  0.1
Air Magic      | |  0.1
Earth Magic    | |  0.1
Poison Magic   | |  0.1
Invocations    | |  0.2
Evocations     | |  0.1

Action                   || total
-------------------------++-------
Melee: Short sword       ||    45
       Bite              ||     5
       Punch             ||     1
  Use: Potion            ||     1
Armor: Leather armour    ||     8
Dodge: Dodged            ||    23

Levels and vault maps discovered:
D:4:      layout_rooms, mainiacjoe_overflow_surrounded_room, cheibriados_altar_1
D:5:      layout_layer_cave, item_on_display_a
D:6:      layout_basic, grunt_temple_overflow_diamond, minmay_temple_entry_hall,
          nicolae_ossuary_entry_false_entrances

Notes
Turn   | Place    | Note
-------+----------+-------------------------------------------
     0 | D:5      | Reached skill level 9 in Stealth
     0 | D:5      | spaghetti the Gnoll Delver began the quest for the Orb.
     0 | D:5      | Reached XP level 1. HP: 23/23 MP: 1/1
     0 | D:5      | magus.rc [v1.9.6]
    20 | D:5      | Noticed a hound
    64 | D:6      | Noticed a hound
    67 | D:6      | Found a sand-covered staircase.
    71 | Ossuary  | Entered an ossuary
   550 | Ossuary  | HP: 1/23 [mummy (9)]
   670 | D:5      | Noticed a gnoll sergeant
   670 | D:5      | Noticed an orc wizard
   670 | D:5      | Noticed an orc priest
   670 | D:5      | Noticed a hound
   670 | D:5      | Noticed a phantom
   679 | D:6      | HP: 3/23 [orc/+0 dagger (4)]
   687 | D:6      | Slain by an orc

Vanquished Creatures
  3 hobgoblin zombies (Ossuary)
  A kobold zombie (Ossuary)
  3 orc zombies (Ossuary)
7 creatures vanquished.

Table legend:
 A = Non-vault XP
 B = Vault XP
 C = Vault XP percentage of total XP
 D = Non-vault monster count
 E = Vault monster count
 F = Vault count percentage of total count
                 A         B        C        D         E       F
            +---------+---------+-------+---------+---------+-------
      Total |       0 |       7 | 100.0 |       0 |       7 | 100.0
            +---------+---------+-------+---------+---------+-------
    Ossuary |       0 |       7 | 100.0 |       0 |       7 | 100.0
            +---------+---------+-------+---------+---------+-------

Illustrated notes

Table legend:
 A = Kills in this place as a percentage of kills in entire the game.
 B = Kills by you in this place as a percentage of kills by you in the entire game.
 C = Kills by friends in this place as a percentage of kills by friends in the entire game.
 D = Other kills in this place as a percentage of other kills in the entire game.
 E = Experience gained in this place as a percentage of experience gained in the entire game.
 F = Experience gained in this place divided by the number of levels of this place that you have seen.
                   A       B       C       D       E      F
               +-------+-------+-------+-------+-------+----------------------
         Total | 100.0 | 100.0 |   N/A |   N/A | 100.0 |   1.8
       Ossuary | 100.0 | 100.0 |   N/A |   N/A | 100.0 |   7.0
               +-------+-------+-------+-------+-------+----------------------

Table legend: (Time is in decaauts)
 A = Elapsed time spent in this place.
 B = Non-inter-level travel time spent in this place.
 C = Inter-level travel time spent in this place.
 D = Time resting spent in this place.
 E = Time spent auto-exploring this place.
 F = Levels seen in this place.
 G = Mean time per level.
                   A        B        C        D        E       F      G
               +--------+--------+--------+--------+--------+-----+--------+
         Total |    681 |    681 |      0 |    381 |     55 |   4 |  170.2 |
       Dungeon |    205 |    205 |      0 |     34 |     51 |   3 |   68.3 |
       Ossuary |    476 |    476 |      0 |    347 |      4 |   1 |  476.0 |
               +--------+--------+--------+--------+--------+-----+--------+

Top non-repeatable levels by time:
 Ossuary: 476 daAuts
     D:5: 121 daAuts
     D:6: 74 daAuts
     D:4: 9 daAuts
